 Dungeon Crawl Stone Soup version 0.25.1-2-g60ff931df9 (webtiles) character file.

Game seed: 13703424039312428126

10371 Erymatos the Cleaver (level 11, -5/148 HPs)
             Began as a Minotaur Berserker on Nov 12, 2020.
             Was a High Priest of Trog.
             Slain by a profane servitor
             ... wielding a +3 whip
              (10 damage)
             ... on level 11 of the Dungeon.
             The game lasted 00:18:39 (9677 turns).

Erymatos the Cleaver (Minotaur Berserker)           Turns: 9677, Time: 00:18:39

Health: -5/148     AC: 16    Str: 30    XL:     11   Next: 35%
Magic:  8/8        EV: 13    Int:  4    God:    Trog [*****.]
Gold:   334        SH:  0    Dex: 11    Spells: 10/10 levels left

rFire    + . .     SeeInvis .   E - +4 hand axe
rCold    . . .     Gourm    .   (no shield)
rNeg     . . .     Faith    .   d - +1 scale mail {rF+}
rPois    .         Spirit   .   (helmet restricted)
rElec    .         Reflect  .   l - +0 cloak
rCorr    .         Harm     .   (no gloves)
MR       .....     Clarity  +   L - +0 pair of boots
Stlth    ..........             u - amulet of regeneration
HPRegen  0.74/turn              k - +4 ring of protection
MPRegen  0.11/turn              F - +6 ring of strength

@: mighty, berserking, wreathed by umbra, drained, very quick
A: retaliatory headbutt, horns 2, clarity, low mp 1
a: Berserk, Trog's Hand, Brothers in Arms, Renounce Religion


You were on level 11 of the Dungeon.
You worshipped Trog.
Trog was extremely pleased with you.
You were hungry.

You visited 1 branch of the dungeon, and saw 11 of its levels.
You visited the Abyss 1 time.

You collected 502 gold pieces.
You spent 168 gold pieces at shops.

Inventory:

Hand Weapons
 a - a +0 hand axe
 E - a +4 hand axe (weapon)
Armour
 d - a +1 scale mail of fire resistance (worn)
 l - a +0 cloak (worn)
 L - a +0 pair of boots (worn)
Jewellery
 k - a +4 ring of protection (left hand)
 u - an amulet of regeneration (around neck)
 F - a +6 ring of strength (right hand)
Wands
 x - a wand of acid (9)
 y - a wand of iceblast (10)
 B - a wand of flame (25)
 G - a wand of enslavement (7)
 H - a wand of paralysis (9)
 K - a wand of disintegration (14)
Scrolls
 b - 2 scrolls of acquirement {unknown}
 e - 5 scrolls of remove curse
 g - 8 scrolls of identify
 h - a scroll of enchant weapon
 j - a scroll of immolation
 m - 2 scrolls of magic mapping
 n - 2 scrolls of random uselessness
 o - 10 scrolls of teleportation
 v - a scroll of summoning {unknown}
 I - a scroll of brand weapon {unknown}
Potions
 f - 2 potions of brilliance {unknown}
 i - 6 potions of curing
 p - 4 potions of haste {unknown}
 r - a potion of magic {unknown}
 s - 4 potions of might
 t - 2 potions of heal wounds
 w - a potion of flight {unknown}
 z - a potion of stabbing {unknown}
 A - a potion of berserk rage {unknown}
 C - 2 potions of degeneration {unknown}
 D - 3 potions of ambrosia {unknown}
 M - a potion of invisibility {unknown}
Comestibles
 c - 22 rations
 J - a chunk of flesh


   Skills:
 + Level 9.9(8.9) Fighting
 + Level 13.8(12.6) Axes
 + Level 11.0(9.9) Armour
 + Level 7.0(6.0) Dodging
 + Level 1.9(1.1) Stealth
 + Level 2.1(1.3) Unarmed Combat


You had 10 spell levels left.
You didn't know any spells.
Your spell library was empty.

Dungeon Overview and Level Annotations

Branches:
Dungeon (11/15)            Temple (0/1) D:4            Lair (0/6) D:10
    Orc: D:9-12

Altars:
Cheibriados
Elyvilon
Kikubaaqudgha
Nemelex Xobeh
Vehumet

Shops:
D:9 !


Innate Abilities, Weirdness & Mutations

You reflexively headbutt those who attack you in melee.
You have a pair of horns on your head.
You possess an exceptional clarity of mind.
Your magical capacity is low. (-10% MP)


Message History

The profane servitor is severely damaged.
You hit the sky beast.
Unknown command.
You slash the profane servitor!
The profane servitor is severely damaged.
You slash the sky beast!
The profane servitor hits you with a +3 whip!
* * * LOW HITPOINT WARNING * * *
The profane servitor draws strength from your injuries!
The profane servitor hits you but does no damage.
The sky beast closely misses you.
You hit the profane servitor.
Your headbutt misses the profane servitor.
The profane servitor is severely damaged.
You slash the sky beast!
You kill the sky beast!
Trog accepts your kill.
Your base Dodging skill increases to level 7!
The profane servitor hits you with a +3 whip!
You die...

#.##. .#.... ....#
## ...# .##
#..###..##
##..#.(#).#
..#.#..#.@#
..#.#..#A(#
#####.#..#..#.....#
.....#..#..#..#.#.#
....#...#..### #
#..#....###
#######..#..###
..........##..#
........)..###..#


You could see a profane servitor.

Vanquished Creatures
  Harold (D:8)
  A centaur warrior (D:9)
  Erica (D:9)
  A two-headed ogre (D:10)
  An unseen horror (D:10)
  A wizard (D:11)
  A hornet (D:10)
  Prince Ribbit (D:8)
  A hippogriff (D:11)
  A yak (D:9)
  A hungry ghost (D:10)
  An acid dragon (D:11)
  A water moccasin (D:9)
  6 orc warriors
  A porcupine (D:10)
  2 ice beasts
  3 phantoms
  4 sky beasts
  A black bear (D:10)
  4 ogres
  An eye of draining (D:10)
  4 centaurs
  2 big kobolds
  2 crocodiles
  5 bullfrogs
  9 killer bees
  8 wights
  2 centaur zombies (D:5)
  A bullfrog zombie (D:10)
  6 crimson imps
  2 centaur skeletons (D:10)
  An iron imp (D:7)
  8 hounds
  4 orc priests
  2 bullfrog skeletons
  10 orc wizards
  A jelly (D:5)
  6 iguanas
  5 worker ants
  A killer bee zombie (D:10)
  2 hound zombies
  2 hound skeletons
  4 gnolls (D:8)
  8 adders
  3 shadow imps
  An ooze (D:4)
  An adder zombie (D:9)
  An adder skeleton (D:9)
  3 worms
  2 dart slugs
  3 leopard geckos
  27 orcs
  2 ball pythons
  5 bats
  6 giant cockroaches
  6 goblins
  3 hobgoblins
  13 jackals
  6 quokkas
  3 frilled lizards
  9 kobolds
  6 rats
230 creatures vanquished.

Vanquished Creatures (others)
  A fungus (D:10)
1 creature vanquished.

Grand Total: 231 creatures vanquished

Notes
Turn   | Place    | Note
-------+----------+-------------------------------------------
     0 | D:1      | Erymatos the Minotaur Berserker began the quest for the
                  | Orb.
     0 | D:1      | Reached XP level 1. HP: 19/19 MP: 0/0
   196 | D:1      | Reached XP level 2. HP: 27/27 MP: 1/1
   255 | D:1      | Reached skill level 4 in Axes
   767 | D:2      | Reached XP level 3. HP: 33/33 MP: 2/2
   884 | D:2      | Found a sparkling altar of Nemelex Xobeh.
   899 | D:2      | Reached ** piety under Trog
  1489 | D:3      | Found an ancient bone altar of Kikubaaqudgha.
  1798 | D:3      | Reached XP level 4. HP: 31/41 MP: 3/3
  1905 | D:3      | Reached skill level 5 in Axes
  2247 | D:4      | Reached XP level 5. HP: 35/47 MP: 4/4
  2458 | D:4      | Reached skill level 6 in Axes
  2643 | D:4      | Reached XP level 6. HP: 52/53 MP: 5/5
  2868 | D:4      | Reached skill level 7 in Axes
  2879 | D:4      | Reached skill level 5 in Fighting
  3098 | D:4      | Found a staircase to the Ecumenical Temple.
  3171 | D:4      | Reached *** piety under Trog
  3171 | D:4      | Reached skill level 5 in Armour
  3171 | D:4      | Reached XP level 7. HP: 40/61 MP: 6/6
  3422 | D:5      | Entered Level 5 of the Dungeon
  3620 | D:5      | Reached skill level 8 in Axes
  3879 | D:5      | Reached skill level 9 in Axes
  3879 | D:5      | Reached XP level 8. HP: 70/70 MP: 7/7
  5172 | D:6      | Found a white marble altar of Elyvilon.
  5722 | D:7      | Found a snail-covered altar of Cheibriados.
  5776 | D:8      | Reached skill level 10 in Axes
  5897 | D:8      | Found a radiant altar of Vehumet.
  5910 | D:8      | Reached XP level 9. HP: 58/78 MP: 8/8
  6149 | D:8      | Reached **** piety under Trog
  6533 | D:8      | Noticed Harold
  6550 | D:8      | Killed Harold
  6550 | D:8      | Reached skill level 11 in Axes
  6550 | D:8      | Reached skill level 1 in Stealth
  6704 | D:8      | Noticed Prince Ribbit
  6711 | D:8      | Killed Prince Ribbit
  7362 | D:9      | Noticed Erica
  7391 | D:9      | Killed Erica
  7391 | D:9      | Reached skill level 12 in Axes
  7391 | D:9      | Reached skill level 5 in Dodging
  7391 | D:9      | Reached XP level 10. HP: 32/88 MP: 9/9
  8009 | D:9      | Found Uwitaciv's Distillery.
  8070 | D:9      | Reached skill level 10 in Armour
  8534 | D:9      | Bought a potion of heal wounds for 70 gold pieces
  8534 | D:9      | Bought a potion of curing for 42 gold pieces
  8534 | D:9      | Bought a potion of might for 56 gold pieces
  8581 | D:10     | Entered Level 10 of the Dungeon
  8600 | D:10     | Noticed a centaur warrior
  8622 | D:9      | Killed a centaur warrior
  8622 | D:9      | Reached skill level 1 in Unarmed Combat
  8841 | D:10     | Reached skill level 13 in Axes
  8905 | D:10     | Noticed a two-headed ogre
  8915 | D:10     | Killed a two-headed ogre
  8916 | D:10     | Reached ***** piety under Trog
  8921 | D:10     | Reached XP level 11. HP: 97/97 MP: 10/10
  9192 | D:10     | Killed an unseen horror
  9353 | D:10     | Found a staircase to the Lair.
  9615 | D:11     | Noticed a wizard
  9618 | D:11     | Cast into level 3 of the Abyss (a wizard)
  9622 | Abyss:3  | Noticed a profane servitor
  9632 | Abyss:3  | Gained mutation: Your magical capacity is low. (-10% MP)
                  | [potion of mutation]
  9632 | Abyss:3  | Gained mutation: You possess an exceptional clarity of
                  | mind. [potion of mutation]
  9660 | D:11     | Escaped the Abyss
  9672 | D:11     | Killed a wizard
  9676 | D:11     | HP: 4/148 [profane servitor/+3 whip (17)]
  9677 | D:11     | Slain by a profane servitor

Illustrated notes

Levels and vault maps discovered:
D:1:      lemuel_arrival_behind_the_door_small, layout_rooms
D:2:      layout_loops_corners, lemuel_round_altar, first_ration
D:3:      layout_basic, kiku_gazebo_garden_becter
D:4:      minmay_door_path, layout_rooms, minmay_temple_entry_wispy,
          corexii_hall_statues_s
D:5:      layout_layer_cave
D:6:      layout_basic, kennysheep_mini
D:7:      layout_basic, slow_altar_2, abandoned_shop
D:8:      layout_gridville, lemuel_doored_altar, blue_anna_alchemist
          [blue_anna_fruit_fields, blue_anna_fruit_fields], chequers_avenue,
          nrook_uturn, uniq_harold, uniq_prince_ribbit1
D:9:      layout_basic, serial_shops, nicolae_shop_waterfront,
          minmay_checkerbox, uniq_erica
D:10:     layout_rooms, grunt_lair_entry_orc_guard_hut, nrook_mini_vaults
D:11:     minmay_the_grid_triangle_9x9_rhombus_full_mashed
          [minmay_the_grid_triangle_9x9_stretched_checkered,
          minmay_the_grid_triangle_9x9_zippers_horizontal,
          minmay_the_grid_triangle_9x9_warning,
          minmay_the_grid_triangle_9x9_semitri,
          minmay_the_grid_triangle_9x9_odd_lines,
          minmay_the_grid_triangle_9x9_windchime,
          minmay_the_grid_triangle_9x9_minimal,
          minmay_the_grid_triangle_9x9_prize_special], layout_long_grid,
          minmay_orc_entry_temple_small, serial_bayou_lagoon_a

Skill      XL: |  1  2  3  4  5  6  7  8  9 10 11 |
---------------+----------------------------------+-----
Axes           | 4 5 6 7 9 10 12 13 | 13.8
Fighting       | 4 5 6 8 9 |  9.9
Armour         | 3 4 5 6 8 9 10 11 | 11.0
Dodging        | 3 5 6 7 |  7.0
Stealth        | 1 |  1.9
Unarmed Combat | 2 |  2.1

Action                   |  1- 3 |  4- 6 |  7- 9 | 10-12 || total
-------------------------+-------+-------+-------+-------++-------
Melee: Hand axe          |    64 |    97 |   303 |   238 ||   702
       Headbutt          |     9 |    18 |    72 |    51 ||   150
       Unarmed           |       |       |       |    14 ||    14
       Punch             |       |       |       |     2 ||     2
Invok: Berserk           |       |     2 |     4 |     6 ||    12
       Brothers in Arms  |       |       |       |     1 ||     1
  Use: Scroll            |     2 |       |     5 |       ||     7
       Potion            |       |       |       |     3 ||     3
  Eat: Chunk             |     3 |     6 |    11 |    10 ||    30
       Ration            |       |       |     2 |     1 ||     3
Armor: Scale mail        |    25 |    44 |   118 |   140 ||   327
Dodge: Dodged            |    40 |    56 |   126 |   149 ||   371
